 Dungeon Crawl Stone Soup version 0.21.1-1-g345015f (webtiles) character file.

124 Kagorn the Skirmisher (level 5, 0/33 HPs)
             Began as a Gargoyle Fighter on June 9, 2018.
             Was a Follower of Fedhas.
             Slain by a worker ant (3 damage)
             ... on level 6 of the Dungeon.
             The game lasted 00:13:38 (1933 turns).

Kagorn the Skirmisher (Gargoyle Fighter)            Turns: 1933, Time: 00:13:39

Health: 0/33       AC: 10    Str: 19    XL:     5   Next: 8%
Magic:  5/5        EV:  8    Int:  9    God:    Fedhas [*.....]
Gold:   109        SH:  9    Dex: 10    Spells: 4/4 levels left

rFire    + . .     SeeInvis .   a - +0 long sword
rCold    . . .     Gourm    +   c - +0 shield
rNeg     + . .     Faith    .   o - +1 leather armour {rF+}
rPois    ∞         Spirit   .   l - +0 helmet
rElec    +         Reflect  .   (no cloak)
rCorr    .         Harm     .   p - +0 pair of gloves
MR       .....                  (no boots)
Stlth    ++........             h - amulet of the gourmand
HPRegen  0.11/turn              (no ring)
MPRegen  0.09/turn              (no ring)

@: no status effects
A: negative energy resistance 1, electricity resistance, unbreathing,
petrification resistance, rot immunity, AC +4
a: Fungal Bloom, Evolution, Renounce Religion


You were on level 6 of the Dungeon.
You worshipped Fedhas.
Fedhas was aware of your devotion.
You were completely stuffed.

You visited 1 branch of the dungeon, and saw 4 of its levels.

You collected 109 gold pieces.

Inventory:

Hand Weapons
 a - a +0 long sword (weapon)
Armour
 b - a +0 scale mail
 c - a +0 shield (worn)
 l - a +0 helmet (worn)
 o - a +1 leather armour of fire resistance (worn)
 p - a +0 pair of gloves (worn)
Jewellery
 h - an amulet of the gourmand (around neck)
 n - a +6 amulet of reflection
Scrolls
 e - a scroll of noise {unknown}
 g - a scroll of teleportation
 i - a scroll of remove curse
 j - a scroll of immolation {unknown}
 k - a scroll of enchant armour {unknown}
Potions
 d - a potion of might
Comestibles
 f - a ration


   Skills:
 + Level 4.0 Fighting
 + Level 2.5 Long Blades
 + Level 4.0 Armour
 + Level 2.1 Stealth
 + Level 4.0 Shields


You had 4 spell levels left.
You didn't know any spells.

Dungeon Overview and Level Annotations

Branches:
Dungeon (3/15)

Altars:
Ashenzari
Fedhas
Nemelex Xobeh
Okawaru
Ru
Trog
Uskayaw
Vehumet

Shops:
D:6 [


Innate Abilities, Weirdness & Mutations

You are resistant to torment.
Your stone body is resilient. (AC +4)
You are immune to poison.
You resist negative energy. (rN+)
You are resistant to electric shocks. (rElec)
You can survive without breathing.
You are immune to petrification.
You are immune to rotting.


Message History

You have reached level 4!
You feel clever.
You have reached level 5!
The worker ant closely misses you. You block the worker ant's attack.
You closely miss the worker ant. The worker ant bites you.
* * * LOW HITPOINT WARNING * * *
You closely miss the worker ant.
The worker ant bites you but does no damage.
The worker ant barely misses you.
You riposte.
You hit the worker ant.
The worker ant is moderately wounded.
You hit the worker ant.
The worker ant is heavily wounded.
The worker ant bites you but does no damage.
The worker ant bites you.
* * * LOW HITPOINT WARNING * * *
You hit the worker ant.
The worker ant is severely wounded.
The worker ant bites you.
You die...
Fedhas appreciates your contribution to the ecosystem.

.#..# #...#
#...## ##..>.
#....#
##.##8#######
+..((........
##.8a∩.8.####
#.##@#......
#.##8)......
..##.#.#####
...#......
#...#... ...
#...+......$..
#.... ....
##+##.....


You could see a worker ant.

Vanquished Creatures
  A centaur (D:6)
  2 leopard geckos (D:1)
  5 orcs (D:3)
  A giant cockroach (D:1)
  7 goblins
  4 hobgoblins
  3 jackals (D:1)
  4 kobolds
  4 bats
  A frilled lizard (D:2)
  2 rats (D:3)
34 creatures vanquished.

Notes
Turn   | Place    | Note
-------+----------+-------------------------------------------
     0 | D:1      | Kagorn the Gargoyle Fighter began the quest for the Orb.
     0 | D:1      | Reached XP level 1. HP: 14/14 MP: 1/1
   110 | D:1      | Reached XP level 2. HP: 18/19 MP: 2/2
   333 | D:1      | Reached skill level 1 in Stealth
   751 | D:2      | Found a sacrificial altar of Ru.
   754 | D:2      | Found a hide-covered altar of Uskayaw.
   836 | D:2      | Found a faded altar of an unknown god.
   958 | D:2      | Reached XP level 3. HP: 23/23 MP: 3/3
   990 | D:2      | Found a bloodstained altar of Trog.
  1149 | D:2      | Became a worshipper of Fedhas Madash
  1149 | D:2      | Reached * piety under Fedhas
  1360 | D:3      | Found a radiant altar of Vehumet.
  1668 | D:3      | Found an iron altar of Okawaru.
  1671 | D:3      | Found a sparkling altar of Nemelex Xobeh.
  1672 | D:3      | Found a shattered altar of Ashenzari.
  1915 | D:3      | You fall through a shaft for 3 floors!
  1915 | D:6      | Found Ykoif's Armour Shop.
  1915 | D:6      | Noticed a centaur
  1929 | D:6      | Killed a centaur
  1929 | D:6      | Reached XP level 4. HP: 7/29 MP: 4/4
  1929 | D:6      | Reached XP level 5. HP: 8/33 MP: 5/5
  1933 | D:6      | Slain by a worker ant

Skill      XL: |  1  2  3 |
---------------+----------+-----
Long Blades    | 2 |  2.5
Stealth        | 1 2 |  2.1
Fighting       | 4 |  4.0
Armour         | 4 |  4.0
Shields        | 4 |  4.0

Action                   |  1- 3 |  4- 6 || total
-------------------------+-------+-------++-------
Melee: Long sword        |   130 |     4 ||   134
  Use: Scroll            |     5 |       ||     5
       Potion            |     2 |       ||     2
 Stab: Distracted        |     1 |       ||     1
       Sleeping          |     1 |       ||     1
  Eat: Chunk             |     5 |       ||     5
       Ration            |     3 |       ||     3
Armor: Scale mail        |    35 |       ||    35
       Leather armour    |    36 |     2 ||    38
Dodge: Dodged            |    49 |     2 ||    51
Block: Shield            |    76 |     1 ||    77
       Rpst.: Long sword |    17 |     1 ||    18
